 Dungeon Crawl Stone Soup version 0.31.0-11-ge490571c62 (webtiles) character file.

Game seed: 5173891055009456164

543 Flugkiller the Chiller (level 7, -12/32 HPs)
             Began as a Vine Stalker Ice Elementalist on Feb 3, 2024.
             Mangled by an iguana (13 damage)
             ... on level 5 of the Dungeon.
             The game lasted 00:02:27 (553 turns).

Flugkiller the Chiller (VSIE)                        Turns: 553, Time: 00:02:28

Health: -12/32     AC: -5    Str: 10    XL:     7   Next: 27%
Magic:  0/16       EV: 12    Int: 17    God:
Gold:   721        SH:  0    Dex: 15    Spells: 10/17 levels left

rFire   . . .        b - +2 flail (heavy)
rCold   . . .        (no shield)
rNeg    . . .        a - +1 robe
rPois   .            (no helmet)
rElec   .            (no cloak)
rCorr   .            (no gloves)
SInv    .            (no boots)
Will    .....        (no amulet)
Stlth   ++           (no ring)
HPRegen 1.05/turn    (no ring)
MPRegen 0.15/turn

%: guardian spirit
@: lethally poisoned (-12 -> -12), corroded, freezing walls
A: fangs 2, regeneration 1, magic shield, antimagic bite, no potion heal 2
a: no special abilities


You were on level 5 of the Dungeon.
You visited 1 branch of the dungeon, and saw 5 of its levels.

You collected 721 gold pieces.

Inventory:

Hand Weapons
 b - a +2 heavy flail (weapon)
   (You took it off an orc on level 5 of the Dungeon)
 d - a +0 dagger
   (You took it off a kobold on level 2 of the Dungeon)
 j - a +0 long sword
   (You found it on level 4 of the Dungeon)
Armour
 a - a +1 robe (worn)
Magical Staves
 e - a staff of fire
   (You found it on level 4 of the Dungeon)
Potions
 c - a potion of cancellation {unknown}
 f - a potion of attraction {unknown}
 h - a potion of might {unknown}


   Skills:
 - Level 1.5 Dodging
 - Level 2.4 Stealth
 + Level 5.7 Spellcasting
 + Level 6.6 Ice Magic


You had 10 spell levels left.
You knew the following spells:

 Your Spells              Type           Power      Damage    Failure   Level
a - Freeze                Ice            100%       1d10      1%          1
b - Frozen Ramparts       Ice            54%        1d9       2%          3
c - Ozocubu's Armour      Ice            27%        N/A       2%          3

Your spell library contained the following spells:

 Spells                   Type           Power      Damage    Failure   Level
 Summon Ice Beast         Ice/Summ       16%        N/A       10%         3


Dungeon Overview and Level Annotations

Branches:
Dungeon (5/15) Zot: 26861
 Temple: D:4-7

Altars:

Annotations:
D:4 1 runed translucent door, Suckerboh's ghost, amateur TrFi


Innate Abilities, Weirdness & Mutations

You have extremely sharp teeth.
Your natural rate of healing is unusually fast.
When hurt, damage is shared between your health and your magic reserves.
Your bite disrupts and absorbs the magic of your enemies.
Potions cannot restore your health.


Message History

Your extra speed is starting to run out.
You have reached level 7!
A hound comes into view.
Found a flux talisman.
You feel yourself slow down.
The helpless hound fails to defend itself.
You hit the hound.
The hound is moderately wounded.
The hound bites you. The hound closely misses you. x2
The hound bites you but does no damage.
Casting: Frozen Ramparts (dangerous; 2% risk of failure)
Confirm with . or Enter, or press ? or * to list all spells.
The walls around you are covered in ice.
The wall freezes the hound but does no damage.
The hound completely misses you.
You closely miss the hound.
The hound is moderately wounded.
The wall freezes the hound.
The hound bites you but does no damage.
The wall freezes the hound.
The hound bites you.
The wall freezes the hound.
The hound bites you.
You closely miss the hound.
The hound is heavily wounded.
The wall freezes the hound.
The hound barely misses you.
The wall freezes the hound but does no damage.
The hound bites you.
The wall freezes the hound.
You kill the hound!
The frozen ramparts melt away as you move.
Found 4 stones.
A jelly comes into view.
Found 11 gold pieces and a lumpy pink potion.
Unknown command.
c - a lumpy pink potion The jelly quivers.
Casting: Frozen Ramparts (dangerous; 2% risk of failure)
Confirm with . or Enter, or press ? or * to list all spells.
The walls around you are covered in ice.
The wall freezes the jelly.
You hit the jelly.
Your hands burn!
You punch the jelly. Your bite misses the jelly.
The jelly is heavily wounded.
The wall freezes the jelly.
The jelly hits you. The acid corrodes you!
You are splashed with acid!
The wall freezes the jelly.
The jelly completely misses you.
You hit the jelly. The acid corrodes you!
Your hands burn!
The jelly is almost dead.
The wall freezes the jelly!
You kill the jelly!
The frozen ramparts melt away as you move.
Found a stone staircase leading up.
You now have 721 gold pieces (gained 11).
There is a stone staircase leading up here.
You climb upwards.
Level annotation: 1 runed translucent door, Suckerboh's ghost, amateur TrFi The iguana hisses angrily.
The adder hisses angrily.
The adder bites you. The iguana bites you!
The black bear growls angrily.
Found 9 stones.
There is a stone staircase leading down, spattered with blood here.
You can't go up here!
The adder misses you. The iguana closely misses you.
You climb downwards.
There is a stone staircase leading up here.
The adder attacks as it pursues you! The adder closely misses you.
The adder bites you.
You are poisoned.
The adder poisons you!
You feel sick. The adder attacks as it pursues you! The adder bites you.
You are more poisoned.
The adder poisons you!
You feel sick.
Casting: Frozen Ramparts (dangerous; 2% risk of failure)
Confirm with . or Enter, or press ? or * to list all spells.
The walls around you are covered in ice.
You feel sick.
The wall freezes the adder.
The adder seems to slow down.
The adder bites you.
You are more poisoned.
The adder poisons you!
The wall freezes the iguana but does no damage.
The wall freezes the adder.
The adder barely misses you.
You closely miss the adder. Your bite misses the adder.
The adder is moderately wounded.
You feel very sick.
The wall freezes the iguana but does no damage.
The wall freezes the adder.
The adder seems to slow down.
The adder bites you.
The wall freezes the iguana.
The iguana hisses menacingly.
You closely miss the adder.
The adder is severely wounded.
You feel very sick.
The wall freezes the adder!
You kill the adder!
The wall freezes the iguana but does no damage.
The wall freezes the iguana.
The iguana barely misses you.
Unknown command.
You hit the iguana but do no damage. Your bite misses the iguana.
The iguana is lightly wounded.
You feel sick.
The wall freezes the iguana.
The iguana bites you!
* * * LOW HITPOINT WARNING * * *
The wall freezes the iguana!
The iguana bites you!
You die...

#.# #.###.# #
#......
####.#########.#
#.......# #.#
###<##.##.# #.#
#......##.# #.#
#l#..####.# #.#
##@#...###.######..
+..................
##.#.......######..
#.##.###### #..
#.#### #.. #.# #..
#.. #.. ### ##. .


You could see an iguana.

Vanquished Creatures
  An ogre (D:5)
  A phantom (D:5)
  2 scorpions
  A howler monkey (D:3)
  3 hounds
  A jelly (D:5)
  An orc priest (D:5)
  An iguana (D:5)
  3 adders
  A ribbon worm (D:3)
  4 orcs (D:5)
  An endoplasm (D:2)
  3 giant cockroaches
  A goblin (D:2)
  A hobgoblin (D:3)
  3 jackals (D:2)
  A kobold (D:2)
  2 quokkas (D:1)
  A ball python (D:4)
32 creatures vanquished.

Notes
Turn   | Place    | Note
-------+----------+-------------------------------------------
     0 | D:1      | Flugkiller the Vine Stalker Ice Elementalist began the
                  | quest for the Orb.
     0 | D:1      | Reached XP level 1. HP: 9/9 MP: 4/4
   105 | D:2      | Reached XP level 2. HP: 13/13 MP: 0/6
   145 | D:3      | Noticed a howler monkey
   159 | D:3      | Killed a howler monkey
   160 | D:3      | Reached XP level 3. HP: 16/16 MP: 3/8
   164 | D:3      | Learned a level 3 spell: Frozen Ramparts
   168 | D:3      | Learned a level 3 spell: Ozocubu's Armour
   170 | D:3      | Reached XP level 4. HP: 21/21 MP: 3/10
   216 | D:4      | Found a runed translucent door.
   239 | D:4      | Noticed Suckerboh's ghost (amateur TrFi)
   253 | D:4      | Noticed a scorpion
   261 | D:4      | Killed a scorpion
   262 | D:4      | Reached skill level 5 in Ice Magic
   262 | D:4      | Reached XP level 5. HP: 24/24 MP: 4/11
   323 | D:4      | Identified a scroll of acquirement
   323 | D:4      | Acquired 639 gold pieces
   414 | D:5      | Entered Level 5 of the Dungeon
   436 | D:5      | Noticed an ogre
   452 | D:5      | Killed an ogre
   453 | D:5      | Reached skill level 6 in Ice Magic
   453 | D:5      | Reached XP level 6. HP: 15/28 MP: 4/14
   454 | D:5      | Reached skill level 5 in Spellcasting
   491 | D:5      | Reached XP level 7. HP: 28/32 MP: 3/16
   553 | D:5      | HP: 1/32 [iguana (9)]
   553 | D:5      | Mangled by an iguana

Illustrated notes

Levels and vault maps discovered:
D:1:      dpeg_arrival_tiny_h, layout_basic, ebering_ecumenical_altar_rust
D:2:      layout_rooms, minivault_24
D:3:      layout_loops_corners, minmay_goblin_outpost
D:4:      minmay_angry_zag, layout_basic, temple_hall, gammafunk_ghost_grave,
          hangedman_decor_points, uniq_blork_the_orc, uniq_natasha
D:5:      layout_loops_corners, grunt_temple_overflow_order_and_chaos_2,
          mainiacjoe_overflow_chevrons, nrook_mini_vaults,
          kennysheep_nondescript

Skill      XL: |  1  2  3  4  5  6 |
---------------+-------------------+-----
Spellcasting   | 3 4 5 |  5.7
Ice Magic      | 5 6 |  6.6
Dodging        | |  1.5
Stealth        | |  2.4

Action                     |  1- 3 |  4- 6 |  7- 9 || total
---------------------------+-------+-------+-------++-------
  Melee: Unarmed           |    19 |       |       ||    19
         Bite              |     8 |     6 |       ||    14
         Dagger            |    12 |     7 |       ||    19
         Long sword        |       |     6 |       ||     6
         Flail             |       |     9 |     8 ||    17
         Punch             |       |       |     1 ||     1
   Cast: Freeze            |    15 |    22 |       ||    37
         Frozen Ramparts   |       |     4 |     3 ||     7
         Ozocubu's Armour  |       |     1 |       ||     1
    Use: Scroll            |       |     4 |       ||     4
         Potion            |       |     2 |       ||     2
   Stab: Sleeping          |       |       |     1 ||     1
 Armour: Robe              |    18 |    25 |    15 ||    58
  Dodge: Dodged            |    32 |    31 |    10 ||    73
